 Dungeon Crawl Stone Soup version 0.28.0-43-g3370ac3207 (webtiles) character file.

Game seed: 2389212459193680413

26822 sylnyx the Swashbuckler (level 13, 0/134 HPs)
             Began as a Minotaur Monk on Mar 22, 2022.
             Was the Champion of Jiyva.
             Slain by a death yak (5 damage)
             ... while petrified by a catoblepas
             ... on level 5 of the Lair of Beasts on Mar 23, 2022.
             The game lasted 00:59:45 (9803 turns).

sylnyx the Swashbuckler (Minotaur Monk)             Turns: 9803, Time: 00:59:46

Health: 0/134      AC: 10    Str: 20    XL:     13   Next: 1%
Magic:  0/12       EV:  2    Int:  9    God:    Jiyva [******]
Gold:   474        SH:  0    Dex: 20    Spells: 12/12 levels left

rFire   . . .      SeeInvis .   k - +8 rapier "Noboju Jesm" {vorpal, Int+2}
rCold   . . .      Faith    .   (no shield)
rNeg    + + +      Spirit   +   c - +0 troll leather armour
rPois   ∞          Reflect  .   (helmet restricted)
rElec   .          Harm     .   p - +0 cloak
rCorr   +          Rampage  .   (no gloves)
Will    .....                   (boots unavailable)
Stlth   ++++......              s - amulet of guardian spirit
HPRegen 2.72/turn               y - +4 ring of evasion
MPRegen 0.63/turn               S - +6 ring of dexterity

@: petrified
A: horns 2, retaliatory headbutt, talons 3, iridescent scales 2, robust 1,
translucent skin 3
a: Renounce Religion, Oozemancy, Slimify


You were on level 5 of the Lair of Beasts.
You worshipped Jiyva.
Jiyva was exalted by your worship.
You visited 2 branches of the dungeon, and saw 15 of its levels.
You visited the Abyss 1 time.
You also visited: Sewer.

You collected 645 gold pieces.
You spent 171 gold pieces at shops.

Inventory:

Hand Weapons
 k - the +8 rapier "Noboju Jesm" (weapon) {vorpal, Int+2}
   (You found it on level 2 of the Dungeon)

   It inflicts extra damage upon your enemies.
   Int:       It affects your intelligence (+2).
 q - a +1 short sword of venom
 E - a +2 whip of freezing
 G - a +3 flail of protection
 I - a +4 mace of distortion
 Q - a +4 morningstar of freezing
 R - a +3 long sword of freezing
Missiles
 z - 3 throwing nets (quivered)
Armour
 b - a +2 hat of intelligence
 c - a +0 troll leather armour (worn)
 p - a +0 cloak (worn)
 u - an orb of guile
 w - a scarf of shadows
 Y - +0 steam dragon scales
 Z - +0 acid dragon scales
Jewellery
 s - an amulet of guardian spirit (around neck)
 y - a +4 ring of evasion (left hand)
 B - a +4 ring of evasion
 C - a ring of wizardry
 S - a +6 ring of dexterity (right hand)
 W - a ring of willpower
Wands
 a - a wand of digging (6)
 D - a wand of charming (4)
 N - a wand of acid (15)
 O - a wand of iceblast (8)
 T - a wand of flame (19)
Scrolls
 f - 3 scrolls of enchant armour
 i - 3 scrolls of brand weapon {unknown}
 j - a scroll of amnesia {unknown}
 n - 3 scrolls of blinking
 o - 5 scrolls of identify
 r - 3 scrolls of fog {unknown}
 t - 2 scrolls of noise {unknown}
 v - 4 scrolls of teleportation
 F - a scroll of fear {unknown}
 H - 3 scrolls of torment
 L - a scroll of vulnerability {unknown}
 M - 2 scrolls of immolation {unknown}
 P - a scroll of magic mapping {unknown}
 V - a scroll of holy word {unknown}
Potions
 d - a potion of attraction {unknown}
 e - 2 potions of heal wounds
 g - 2 potions of lignification {unknown}
 h - 3 potions of haste {unknown}
 l - 3 potions of curing
 m - a potion of resistance {unknown}
 x - a potion of might {unknown}
 A - a potion of berserk rage
 J - 3 potions of degeneration {unknown}
 U - 2 potions of mutation
 X - a potion of ambrosia {unknown}
Miscellaneous
 K - a condenser vane


   Skills:
 * Level 13.3 Fighting
 * Level 15.3 Short Blades
 - Level 6.6 Polearms
 + Level 8.6 Armour
 + Level 9.0 Dodging
 * Level 6.5 Stealth


You had 12 spell levels left.
You didn't know any spells.
Your spell library contained the following spells:

 Spells                   Type           Power      Damage    Failure   Level
 Corpse Rot               Necr/Air       0%         N/A       56%         2
 Scorch                   Fire           0%         2d5       56%         2
 Gell's Gravitas          Tloc           0%         N/A       80%         3
 Ozocubu's Armour         Ice            0%         N/A       80%         3
 Teleport Other           Tloc           0%         N/A       80%         3
 Dispel Undead            Necr           0%         3d6       99%         4
 Flame Wave               Conj/Fire      0%         2d4       99%         4
 Death Channel            Necr           0%         N/A       100%        6
 Dispersal                Tloc           0%         N/A       100%        6
 Summon Cactus Giant      Summ           0%         N/A       100%        6
 Ozocubu's Refrigeration  Ice            0%         4d5       100%        7
 Disjunction              Tloc           0%         N/A       100%        8


Dungeon Overview and Level Annotations

Branches:
Dungeon (11/15)            Temple (0/1) D:7            Lair (3/6) D:11
  Swamp (0/4) Lair:2        Sewer (visited)
  Snake: Lair:2-4    Spider: Lair:2-4       Orc: D:9-12

Altars:
Ashenzari
Gozag
Jiyva

Shops:
D:3 !   D:5 ?   D:10 !

Portals:
Abyss: D:6

Annotations:
D:3 1 runed translucent door, themarg's ghost, amateur GnWn
D:4 3 runed translucent doors, GetTheOrb's ghost, novice HuFi


Innate Abilities, Weirdness & Mutations

You have a pair of horns on your head.
You reflexively headbutt those who attack you in melee.
You have claws for feet.
You are mostly covered in iridescent scales. (AC +4)
You are robust. (+10% HP)
Your transparent skin significantly reduces your foes' accuracy. (Stealth+)


Message History

The death yak gores you but does no damage.
The catoblepas barely misses you.
The death yak gores you but does no damage.
The death yak gores you!
The death yak gores you but does no damage.
You are engulfed in calcifying dust.
The catoblepas gores you!
The death yak gores you but does no damage.
The death yak gores you! x2; The death yak gores you!!
You are engulfed in calcifying dust.
The death yak gores you! The catoblepas barely misses you.
The death yak gores you but does no damage.
The death yak gores you!
The death yak gores you but does no damage.
You are engulfed in calcifying dust.
The death yak gores you!
The catoblepas breathes a plume of calcifying dust at you.
The blast of calcifying dust hits you. The death yak gores you.
The death yak gores you but does no damage.
The death yak barely misses you.
You are engulfed in calcifying dust.
The catoblepas gores you. The death yak gores you.
The death yak gores you but does no damage.
The death yak barely misses you. The death yak gores you!!
You are engulfed in calcifying dust.
The death yak gores you!! The catoblepas gores you. The death yak gores you!
* * * LOW HITPOINT WARNING * * *
The death yak gores you!!
* * * LOW HITPOINT WARNING * * *
The death yak gores you but does no damage.
The death yak barely misses you. The catoblepas gores you!
* * * LOW HITPOINT WARNING * * *
The death yak gores you.
* * * LOW HITPOINT WARNING * * *
The death yak gores you!!
* * * LOW HITPOINT WARNING * * *
The death yak gores you!
* * * LOW HITPOINT WARNING * * *
The catoblepas gores you!
* * * LOW HITPOINT WARNING * * *
The death yak gores you!
You die...

P....##
#.....#
##....##
##......#
P.....#
#.....####
##.....P.P#
#..YY......
###@Y......
#YY......


DY....... #......... .#........ #........P. #......P### # P...... You could see
5 death yaks, a catoblepas and a seven-headed hydra.

Vanquished Creatures
  A tentacled starspawn (Abyss:2)
  Gastronok (D:10)
  Josephine (D:11)
  Erolcha (D:10)
  A boulder beetle (D:10)
  A rakshasa (D:6)
  A hydra (Lair:1)
  Erica (D:10)
  6 two-headed ogres
  Pikel (D:5)
  The ghost of WaxSun the Bolt Thrower, a novice HuWn of Zin (D:6)
  An ugly thing (D:9)
  A manticore (D:9)
  2 black mambas
  Joseph (D:10)
  A smoke demon (Abyss:2)
  4 cane toads
  An unseen horror (D:5)
  A kobold demonologist (D:10)
  4 komodo dragons
  2 trolls (D:11)
  A polar bear (Lair:3)
  8 wraiths
  Eustachio (D:5)
  2 shadows
  A ynoxinul (Abyss:2)
  A wyvern (Lair:2)
  Grum (D:10)
  14 yaks
  A steam dragon (D:9)
  2 basilisks (Lair:2)
  3 acid dragons
  10 water moccasins
  Pargi (Sewer)
  8 orc warriors
  A black bear (D:11)
  An ogre (D:4)
  A hornet zombie (D:6)
  5 centaurs
  19 wolves
  2 lemures (D:5)
  15 kobold brigands
  3 small abominations
  9 bullfrogs
  A gnoll sergeant (D:7)
  A scorpion (D:6)
  A water moccasin skeleton (D:6)
  10 killer bees
  17 wights
  2 electric eels (D:7)
  2 howler monkeys (D:7)
  A vampire bat (D:3)
  2 bullfrog zombies (D:5)
  A hound (D:5)
  4 orc priests
  7 centaur zombies
  2 gnoll shamans
  An iron imp (D:6)
  2 orc wizards
  2 hound skeletons (D:5)
  A howler monkey zombie (D:7)
  10 gnolls
  A howler monkey skeleton (D:7)
  8 adders
  A white imp (D:7)
  An ufetubus (D:5)
  2 worms (D:2)
  3 dart slugs
  3 fire bats (D:3)
  38 orcs
  2 spectral bats (D:3)
  3 bat skeletons (D:3)
  A bat zombie (D:3)
  4 endoplasms
  4 giant cockroaches
  2 hobgoblins
  15 jackals
  15 kobolds
  2 ball pythons
  15 bats
  A bat simulacrum (D:3)
  4 frilled lizards
  6 goblins
  A rat (D:1)
  A starspawn tentacle (Abyss:2)
344 creatures vanquished.

Vanquished Creatures (others)
  The ghost of AlmostDecent the Cleaver, a journeyman VSFi of Okawaru (D:10)
  A swamp dragon (shapeshifter) (Abyss:1)
  A steam dragon (D:9)
  A water moccasin (Lair:2)
  A necrophage (D:5)
  5 centaurs (D:11)
  A bullfrog (Lair:2)
  A scorpion (D:4)
  An orc priest (D:3)
  24 jellies
  An orc wizard (D:8)
  A small abomination (Abyss:1)
  A worm (D:4)
  15 orcs
  2 endoplasms
  A hobgoblin (D:4)
  A jackal (D:3)
  3 kobolds
  3 bats (D:3)
  A rat (D:3)
  43 fungi
  46 plants
  A starspawn tentacle (Abyss:2)
156 creatures vanquished.

Grand Total: 500 creatures vanquished

Notes
Turn   | Place    | Note
-------+----------+-------------------------------------------
     0 | D:1      | sylnyx the Minotaur Monk began the quest for the Orb.
     0 | D:1      | Reached XP level 1. HP: 19/19 MP: 0/0
   239 | D:1      | Reached XP level 2. HP: 27/27 MP: 1/1
   655 | D:2      | Identified the +8 rapier "Noboju Jesm" {vorpal, Int+2}
   791 | D:2      | Reached XP level 3. HP: 33/33 MP: 2/2
  1418 | D:3      | Reached XP level 4. HP: 37/40 MP: 3/3
  1447 | D:3      | Found a faded altar of an unknown god.
  1457 | D:3      | Prayed at the altar of an unknown god.
  1457 | D:3      | Became a worshipper of Jiyva Juukaiku the Shapeless
  1457 | D:3      | Reached * piety under Jiyva
  1457 | D:3      | Reached ** piety under Jiyva
  1501 | D:3      | Reached *** piety under Jiyva
  1528 | D:3      | Found Afi Toel's Distillery.
  1537 | D:3      | Bought a potion of curing for 36 gold pieces
  1544 | D:3      | Found a runed translucent door.
  1554 | D:3      | Reached skill level 1 in Short Blades
  1554 | D:3      | Reached skill level 1 in Armour
  1555 | D:3      | Noticed themarg's ghost (amateur GnWn)
  1638 | D:3      | Reached XP level 5. HP: 41/47 MP: 4/4
  1666 | D:3      | Reached skill level 2 in Short Blades
  2029 | D:3      | Reached skill level 5 in Polearms
  2060 | D:3      | Reached XP level 6. HP: 55/55 MP: 5/5
  2167 | D:4      | Gained mutation: You are partially covered in iridescent
                  | scales. (AC +2) [Jiyva's grace]
  2167 | D:4      | Gained mutation: You are mostly covered in iridescent
                  | scales. (AC +4) [Jiyva's grace]
  2167 | D:4      | Gained mutation: You are completely covered in iridescent
                  | scales. (AC +6) [Jiyva's grace]
  2167 | D:4      | Gained mutation: Your flesh is cold resistant. (rC+)
                  | [Jiyva's grace]
  2307 | D:4      | Reached skill level 5 in Fighting
  2314 | D:4      | Found a runed translucent gate.
  2314 | D:4      | Found an opulent altar of Gozag.
  2315 | D:4      | Found a runed translucent gate.
  2315 | D:4      | Found a runed translucent gate.
  2315 | D:4      | Noticed a sky beast
  2315 | D:4      | Noticed a two-headed ogre
  2315 | D:4      | Noticed GetTheOrb's ghost (novice HuFi)
  2324 | D:4      | Killed a two-headed ogre
  2325 | D:4      | Reached skill level 5 in Armour
  2325 | D:4      | Reached XP level 7. HP: 49/64 MP: 4/6
  2325 | D:4      | Reached XP level 8. HP: 55/71 MP: 4/7
  2545 | D:4      | Reached skill level 3 in Short Blades
  2944 | D:5      | Entered Level 5 of the Dungeon
  2949 | D:5      | Reached skill level 5 in Dodging
  2949 | D:5      | Found Vynas's Magic Scroll Shoppe.
  2960 | D:5      | Bought a scroll of teleportation for 39 gold pieces
  2963 | D:5      | Noticed Eustachio
  2978 | D:5      | Killed Eustachio
  2979 | D:5      | Reached skill level 4 in Short Blades
  3111 | D:5      | Found a sand-covered staircase.
  3122 | D:5      | Killed an unseen horror
  3123 | D:5      | Reached skill level 5 in Short Blades
  3159 | D:5      | Found a glowing drain.
  3216 | Sewer    | Entered a sewer
  3242 | Sewer    | Noticed Pargi
  3250 | Sewer    | Killed Pargi
  3251 | Sewer    | Reached skill level 6 in Short Blades
  3403 | D:5      | Noticed Pikel
  3418 | D:5      | Killed Pikel
  3419 | D:5      | Reached skill level 7 in Short Blades
  3419 | D:5      | Reached XP level 9. HP: 81/81 MP: 8/8
  3761 | D:6      | Reached skill level 8 in Short Blades
  3852 | D:6      | Found a transporter.
  3864 | D:6      | Found a one-way gate to the infinite horrors of the Abyss.
  3864 | D:6      | Noticed WaxSun's ghost (novice HuWn)
  3875 | D:6      | Killed WaxSun's ghost
  3879 | D:6      | Reached skill level 9 in Short Blades
  3894 | D:6      | Noticed a rakshasa
  3896 | D:6      | Found a transporter.
  3908 | D:6      | Killed a rakshasa
  3909 | D:6      | Reached skill level 10 in Short Blades
  3909 | D:6      | Reached XP level 10. HP: 48/91 MP: 4/9
  4153 | D:6      | Lost mutation: You are completely covered in iridescent
                  | scales. (AC +6) [Jiyva's grace]
  4153 | D:6      | Gained mutation: Your translucent skin slightly reduces
                  | your foes' accuracy. (Stealth+) [Jiyva's grace]
  4153 | D:6      | Gained mutation: Your translucent skin reduces your foes'
                  | accuracy. (Stealth+) [Jiyva's grace]
  4153 | D:6      | Gained mutation: Your transparent skin significantly
                  | reduces your foes' accuracy. (Stealth+) [Jiyva's grace]
  4153 | D:6      | Gained mutation: Your mind is acute. (Int +2) [Jiyva's
                  | grace]
  4351 | D:6      | Voluntarily entered the Abyss.
  4362 | Abyss:1  | Killed a swamp dragon
  4394 | Abyss:1  | Noticed a thrashing horror
  4401 | Abyss:1  | Noticed a worldbinder
  4412 | Abyss:2  | Noticed a wizard
  4466 | Abyss:2  | Noticed a smoke demon
  4488 | Abyss:2  | Noticed a tentacled starspawn
  4501 | Abyss:2  | Killed a smoke demon
  4502 | Abyss:2  | Killed a tentacled starspawn
  4505 | D:6      | Escaped the Abyss
  4747 | D:7      | Found a staircase to the Ecumenical Temple.
  5204 | D:8      | Noticed a two-headed ogre
  5213 | D:8      | Killed a two-headed ogre
  5214 | D:8      | Reached skill level 11 in Short Blades
  5320 | D:8      | Reached **** piety under Jiyva
  5484 | D:8      | Found a broken altar of Ashenzari.
  6125 | D:9      | Reached skill level 12 in Short Blades
  6136 | D:9      | Reached skill level 10 in Fighting
  6192 | D:9      | Noticed a green ugly thing
  6192 | D:9      | Noticed a manticore
  6220 | D:9      | Killed a manticore
  6221 | D:9      | Reached XP level 11. HP: 53/100 MP: 5/10
  6222 | D:9      | Killed a green ugly thing
  6274 | D:9      | Noticed a two-headed ogre
  6288 | D:9      | Killed a two-headed ogre
  6525 | D:9      | Lost mutation: Your mind is acute. (Int +2) [Jiyva's grace]
  6525 | D:9      | Lost mutation: Your flesh is cold resistant. (rC+) [Jiyva's
                  | grace]
  6525 | D:9      | Gained mutation: You are covered in slimy tendrils that may
                  | disarm your opponents. [Jiyva's grace]
  6525 | D:9      | Gained mutation: You are robust. (+10% HP) [Jiyva's grace]
  6525 | D:9      | Gained mutation: You are very robust. (+20% HP) [Jiyva's
                  | grace]
  6525 | D:9      | Gained mutation: You are extremely robust. (+30% HP)
                  | [Jiyva's grace]
  6770 | D:9      | Noticed a two-headed ogre
  6778 | D:9      | Killed a two-headed ogre
  6779 | D:9      | Reached skill level 13 in Short Blades
  6810 | D:10     | Entered Level 10 of the Dungeon
  6823 | D:10     | Killed AlmostDecent's ghost
  6872 | D:10     | Noticed a boulder beetle
  6888 | D:10     | Killed a boulder beetle
  6906 | D:10     | Noticed Gastronok
  6917 | D:10     | Killed Gastronok
  6933 | D:10     | Noticed Joseph
  6935 | D:10     | Killed Joseph
  6993 | D:10     | Found Loadeim's Distillery.
  6993 | D:10     | Noticed Erolcha
  6993 | D:10     | Noticed a two-headed ogre
  7002 | D:10     | Killed a two-headed ogre
  7025 | D:10     | Killed Erolcha
  7026 | D:10     | Reached skill level 14 in Short Blades
  7033 | D:10     | Bought a potion of mutation for 96 gold pieces
  7080 | D:10     | Found a runed translucent gate.
  7081 | D:10     | Found a runed translucent gate.
  7081 | D:10     | Found a runed translucent gate.
  7084 | D:10     | Found a viscous altar of Jiyva.
  7193 | D:10     | Noticed Erica
  7196 | D:10     | Killed Erica
  7223 | D:10     | Noticed Grum
  7232 | D:10     | Killed Grum
  7431 | D:10     | Reached XP level 12. HP: 144/144 MP: 9/11
  7445 | D:10     | Reached skill level 5 in Stealth
  7478 | D:10     | Noticed a two-headed ogre
  7486 | D:10     | Killed a two-headed ogre
  7626 | D:11     | Noticed Josephine
  7626 | D:11     | Found a staircase to the Lair.
  7664 | D:11     | Killed Josephine
  7666 | D:11     | HP: 9/219 [troll (10)]
  7763 | Lair:1   | Entered Level 1 of the Lair of Beasts
  7797 | Lair:1   | Reached skill level 15 in Short Blades
  7960 | Lair:1   | Reached ***** piety under Jiyva
  8012 | Lair:1   | Noticed a six-headed hydra
  8017 | Lair:1   | Killed a six-headed hydra
  8203 | Lair:1   | Lost mutation: You are mostly covered in iridescent scales.
                  | (AC +4) [Jiyva's grace]
  8203 | Lair:1   | Lost mutation: You are extremely robust. (+30% HP) [Jiyva's
                  | grace]
  8203 | Lair:1   | Lost mutation: You are very robust. (+20% HP) [Jiyva's
                  | grace]
  8203 | Lair:1   | Lost mutation: You are covered in slimy tendrils that may
                  | disarm your opponents. [Jiyva's grace]
  8203 | Lair:1   | Gained mutation: You have sharp toenails. [Jiyva's grace]
  8203 | Lair:1   | Gained mutation: You have razor-sharp toenails. [Jiyva's
                  | grace]
  8203 | Lair:1   | Gained mutation: You have claws for feet. [Jiyva's grace]
  8203 | Lair:1   | Gained mutation: You are mostly covered in iridescent
                  | scales. (AC +4) [Jiyva's grace]
  9331 | Lair:2   | Found a staircase to the Swamp.
  9542 | Lair:2   | Reached ****** piety under Jiyva
  9761 | Lair:3   | Reached XP level 13. HP: 134/134 MP: 12/12
  9783 | Lair:3   | You fall into a shaft and drop 2 floors!
  9803 | Lair:5   | HP: 5/134 [catoblepas (5)]
  9803 | Lair:5   | Slain by a death yak

Illustrated notes

Levels and vault maps discovered:
D:1:      dpeg_arrival_more_subterranean_lakeside_camping, layout_basic,
          lemuel_another_geyser
D:2:      layout_basic
D:3:      layout_basic, serial_shops, nicolae_square_shop,
          ebering_ghost_reflecting_pool, basic_ecumenical_altar, minivault_27,
          goddamned_bats
D:4:      layout_basic, ebering_ghost_gozag
D:5:      layout_basic, serial_shops, shop, nicolae_ossuary_entry_monument,
          gup_sewer_entry_glass, uniq_eustachio, uniq_pikel
D:6:      layout_loops_cross, gammafunk_ghost_abyssal_escape
D:7:      layout_basic, minmay_temple_entry_arrows, minivault_14
D:8:      layout_loops_ring, mainiacjoe_overflow_paths
D:9:      layout_roguey [special_room_orc], minmay_statues_item, minmay_bent
D:10:     layout_loops_ring, gammafunk_ghost_ooze, special_room
          [special_room_kobold], serial_shops, nicolae_shop_advertising_works
          [nicolae_subvault_shop_adworks], uniq_joseph, uniq_erolcha,
          uniq_erica, uniq_gastronok, uniq_grum
D:11:     layout_loops_ring, due_lair_maze_entry_diamond, david_orc_4,
          gammafunk_ghost_icy, uniq_josephine
Lair:1:   layout_layer_cave
Lair:2:   layout_loops_ring, swamp_mist, grunt_megastairs_3
Lair:3:   layout_roguey, grunt_megastairs_5
Lair:5:   layout_cellular_growth

Skill      XL: |  1  2  3  4  5  6  7  8  9 10 11 12 |
---------------+-------------------------------------+-----
Fighting       | 4 6 8 9 10 11 13 | 13.3
Polearms       | 4 5 6 |  6.6
Short Blades   | 1 2 7 10 12 14 15 | 15.3
Armour         | 2 3 5 6 7 8 |  8.6
Dodging        | 4 5 6 9 |  9.0
Stealth        | 2 3 4 6 |  6.5

Action                   |  1- 3 |  4- 6 |  7- 9 | 10-12 | 13-15 || total
-------------------------+-------+-------+-------+-------+-------++-------
Melee: Spear             |    30 |       |       |       |       ||    30
       Headbutt          |    10 |     7 |    27 |   113 |     4 ||   161
       Rapier            |    38 |    58 |   145 |   535 |    11 ||   787
       Punch             |       |       |     3 |     7 |       ||    10
       Kick              |       |       |       |    18 |     8 ||    26
Invok: Oozemancy         |       |     2 |     4 |     3 |       ||     9
  Use: Scroll            |     1 |       |     1 |     1 |       ||     3
       Potion            |       |       |     1 |     3 |       ||     4
 Stab: Sleeping          |       |       |       |    17 |       ||    17
       Distracted        |       |       |       |     2 |     1 ||     3
Armor: Scale mail        |    18 |    49 |    70 |    42 |       ||   179
       Acid dragon scale |       |       |       |     8 |       ||     8
       Steam dragon scal |       |       |       |    26 |       ||    26
       Troll leather arm |       |       |       |    16 |    12 ||    28
Dodge: Dodged            |    27 |    56 |   114 |   496 |    11 ||   704
